 Dungeon Crawl Stone Soup version 0.25-a0-353-ged6d54792d (webtiles) character file.

Game seed: 953591793131077498, levelgen mode: deterministic

9979 MordorOrchid the Cleaver (level 11, -10/97 HPs)
             Began as a Minotaur Berserker on Jan 2, 2020.
             Was a High Priest of Trog.
             Mangled by an ettin
             ... wielding a +0 dire flail
              (34 damage)
             ... on level 1 of the Orcish Mines.
             The game lasted 00:22:41 (6892 turns).

MordorOrchid the Cleaver (Minotaur Berserker)       Turns: 6892, Time: 00:22:42

Health: -10/97     AC: 15    Str: 26    XL:     11   Next: 30%
Magic:  13/13      EV: 10    Int: 10    God:    Trog [*****.]
Gold:   562        SH:  0    Dex: 15    Spells: 10/10 levels left

rFire    . . .     SeeInvis .   K - +8 executioner's axe of the Puffin {chop, Str+2 Int+6}
rCold    . . .     Gourm    .   (shield currently unavailable)
rNeg     . . .     Faith    .   y - +0 chain mail
rPois    .         Spirit   .   v - +1 hat
rElec    .         Reflect  .   n - +1 cloak {MR+}
rCorr    .         Harm     .   (no gloves)
MR       +....                  (no boots)
Stlth    ..........             (no amulet)
HPRegen  0.26/turn              F - +4 ring of dexterity
MPRegen  0.13/turn              (no ring)

@: no status effects
A: retaliatory headbutt, horns 2
a: Berserk, Trog's Hand, Brothers in Arms, Renounce Religion


You were on level 1 of the Orcish Mines.
You worshipped Trog.
Trog was extremely pleased with you.
You were not hungry.

You visited 2 branches of the dungeon, and saw 11 of its levels.
You also visited: Sewer.

You collected 649 gold pieces.
You spent 87 gold pieces at shops.

Inventory:

Hand Weapons
 a - a +7 battleaxe of draining
 K - the +8 executioner's axe of the Puffin (weapon) {chop, Str+2 Int+6}
   (Trog gifted it to you on level 1 of the Orcish Mines)

   It inflicts extra damage upon your enemies.
   It affects your strength (+2).
   It affects your intelligence (+6).
 Q - a +1 hand axe of flaming
Missiles
 r - 13 poisoned darts
 w - 7 curare-tipped darts
 x - 4 datura-tipped darts
 B - 2 atropa-tipped darts
 C - 24 boomerangs (quivered)
 E - 7 javelins
 R - 2 throwing nets
Armour
 n - a +1 cloak of magic resistance (worn)
 v - a +1 hat (worn)
 y - a +0 chain mail (worn)
Jewellery
 F - a +4 ring of dexterity (left hand)
Wands
 b - a wand of digging (3)
 i - a wand of polymorph (7)
 k - a wand of paralysis (16)
 D - a wand of random effects (19)
 I - a wand of flame (14)
 L - a wand of iceblast (12)
Scrolls
 d - a scroll of magic mapping
 f - a scroll of enchant armour {unknown}
 g - 2 scrolls of remove curse
 h - a scroll of enchant weapon {unknown}
 o - a scroll of immolation
 p - a scroll of noise {unknown}
 q - 3 scrolls of teleportation
 t - a scroll of blinking
 u - a scroll of fear
 z - a scroll of brand weapon
 G - a scroll of silence {unknown}
 H - 2 scrolls of fog
 M - a scroll of acquirement {unknown}
Potions
 e - 4 potions of curing
 j - 3 potions of heal wounds
 l - 3 potions of lignification
 m - 2 potions of mutation
 s - 2 potions of brilliance
 A - a potion of ambrosia {unknown}
 J - a potion of degeneration {unknown}
 N - 2 potions of flight
Miscellaneous
 O - a lamp of fire
Comestibles
 c - 16 rations
 P - 10 chunks of flesh


   Skills:
 * Level 9.2 Fighting
 + Level 13.6 Axes
 - Level 4.0 Throwing
 * Level 11.5 Armour
 - Level 2.3 Dodging
 * Level 4.5 Evocations


You had 10 spell levels left.
You didn't know any spells.
Your spell library contained the following spells:

 Spells                   Type           Power        Failure   Level  Hunger
 Confusing Touch          Hex            #.....       86%         1    ##.....
 Sting                    Tmut/Pois      #...         86%         1    ##.....
 Poisonous Vapours        Pois/Air       #.....       94%         2    ###....
 Confuse                  Hex            #.......     99%         3    ####...
 Gell's Gravitas          Tloc           #.........   99%         3    ####...
 Ignite Poison            Fire/Tmut/Pois #.......     99%         3    ####...
 Mephitic Cloud           Conj/Pois/Air  #.......     99%         3    ####...
 Olgreb's Toxic Radiance  Pois           #.......     100%        4    #####..
 Petrify                  Tmut/Erth      #.......     100%        4    #####..
 Metabolic Englaciation   Hex/Ice        #.........   100%        5    ######.
 Yara's Violent Unravell  Hex/Tmut       #.........   100%        5    ######.


Dungeon Overview and Level Annotations

Branches:
Dungeon (10/15)            Temple (0/1) D:5             Orc (1/2) D:10
  Sewer (visited)
   Lair: D:8-11

Altars:
Cheibriados
Dithmenos
Makhleb
Qazlal
Ru
Trog
Wu Jian
Xom
The Shining One
Beogh

Shops:
D:8 *

Annotations:
D:6 exclusion: upstairs


Innate Abilities, Weirdness & Mutations

You reflexively headbutt those who attack you in melee.
You have a pair of horns on your head.


Message History

Trog accepts your kill.
You hear a shout!
An orc warrior comes into view. It is wielding a +0 hand axe.
The orc wizard mumbles some strange words.
The orc wizard flickers and vanishes!
Deactivating autopickup; reactivate with Ctrl-A.
You slice the orc!!
You kill the orc!
Trog accepts your kill.
Unknown command.
You hit the ettin but do no damage. The ettin hits you but does no damage.
The ettin hits you with a +0 dire flail!!
The orc wizard mumbles some strange words.
The orc wizard flickers and vanishes!
The ettin hits you but does no damage. x2
Unknown command.
You barely miss the ettin. You completely miss something.
The ettin hits you with a +0 dire flail!!
* * * LOW HITPOINT WARNING * * *
The ettin hits you with a +0 dire flail!!
You die...

#####...## ##.## #
#....# ####.# #... #
####..##≈##### .... #
#.........## ..... #
#...≈.≈≈...# #.o.._ #
###.≈≈≈≈...# #.... ##
#..≈≈≈≈...# .o.#
.####...≈≈≈..####).##...
.##..........##.@)....$.
##......#........C......
###.....##......#.....>.
..)..#######.####.......
....## ### ....... #####
....... .## ....... ..##
....... ...#


You could see an ettin, an orc warrior and an orc.

Vanquished Creatures
  Josephine (D:10)
  Erolcha (D:10)
  A two-headed ogre (D:9)
  Pikel (D:5)
  An ugly thing (D:10)
  2 trolls
  4 hippogriffs
  3 wraiths (D:10)
  3 hungry ghosts
  2 wargs (Orc:1)
  A water moccasin (D:5)
  A sky beast (D:4)
  A black bear (D:9)
  4 ice beasts
  4 orc warriors
  2 slaves (D:5)
  2 phantoms
  9 ogres
  A necrophage (D:7)
  A centaur (D:5)
  A big kobold (D:8)
  7 bullfrogs
  A gnoll sergeant (Orc:1)
  4 scorpions
  4 killer bees (D:8)
  A howler monkey (D:4)
  3 centaur zombies
  A crimson imp (D:8)
  A bullfrog zombie (D:6)
  4 jellies
  3 hounds
  A centaur skeleton (D:9)
  A bullfrog skeleton (D:4)
  5 orc priests
  11 orc wizards
  Jessica (D:2)
  5 iguanas
  5 worker ants
  A killer bee zombie (D:9)
  2 hound skeletons
  11 gnolls
  24 adders
  A river rat (D:6)
  A shadow imp (D:6)
  5 oozes (Sewer)
  An adder zombie (D:8)
  A worm (D:3)
  3 dart slugs
  11 leopard geckos
  52 orcs
  7 ball pythons
  24 giant cockroaches
  7 goblins
  7 hobgoblins
  3 jackals (D:2)
  3 quokkas
  7 bats
  10 frilled lizards
  7 kobolds
  A leopard gecko zombie (D:7)
  3 quokka skeletons
  A quokka zombie (D:5)
  11 rats
308 creatures vanquished.

Notes
Turn   | Place    | Note
-------+----------+-------------------------------------------
     0 | D:1      | MordorOrchid the Minotaur Berserker began the quest for the
                  | Orb.
     0 | D:1      | Reached XP level 1. HP: 19/19 MP: 0/0
   300 | D:1      | Reached XP level 2. HP: 27/27 MP: 1/1
   303 | D:1      | Reached skill level 4 in Axes
   847 | D:2      | Reached ** piety under Trog
   850 | D:2      | Reached XP level 3. HP: 25/33 MP: 2/2
   855 | D:2      | Found a stormy altar of Qazlal.
   859 | D:2      | Found a sacrificial altar of Ru.
   862 | D:2      | Found an ornate altar of the Wu Jian Council.
   880 | D:2      | Found a bloodstained altar of Trog.
  1086 | D:2      | Noticed Jessica
  1090 | D:2      | Killed Jessica
  1090 | D:2      | Reached skill level 5 in Axes
  1090 | D:2      | Reached XP level 4. HP: 29/40 MP: 3/3
  1673 | D:3      | Reached XP level 5. HP: 28/46 MP: 4/4
  2091 | D:4      | Reached skill level 6 in Axes
  2167 | D:4      | Noticed a sky beast
  2177 | D:4      | Killed a sky beast
  2177 | D:4      | Reached skill level 7 in Axes
  2177 | D:4      | Reached skill level 1 in Throwing
  2177 | D:4      | Reached XP level 6. HP: 16/52 MP: 5/5
  2555 | D:5      | Entered Level 5 of the Dungeon
  2638 | D:5      | Reached skill level 8 in Axes
  2638 | D:5      | Reached skill level 5 in Armour
  2638 | D:5      | Reached XP level 7. HP: 59/59 MP: 6/6
  2771 | D:5      | Reached skill level 9 in Axes
  2783 | D:5      | Reached *** piety under Trog
  2868 | D:5      | Reached XP level 8. HP: 39/66 MP: 7/7
  3251 | D:5      | Found a staircase to the Ecumenical Temple.
  3299 | D:5      | Reached skill level 10 in Axes
  3424 | D:5      | Noticed Pikel
  3441 | D:5      | Killed Pikel
  3717 | D:6      | Found a bloodstained altar of Trog.
  3858 | D:6      | Found a glowing drain.
  3896 | Sewer    | Entered a sewer
  4024 | Sewer    | Reached **** piety under Trog
  4024 | Sewer    | Reached XP level 9. HP: 71/71 MP: 8/8
  4079 | Sewer    | Reached skill level 11 in Axes
  4223 | D:5      | Found a bloodstained altar of Trog.
  4284 | D:7      | Reached skill level 1 in Evocations
  4415 | D:7      | Reached skill level 5 in Fighting
  4619 | D:7      | Reached ***** piety under Trog
  4619 | D:7      | Received a gift from Trog
  4775 | D:8      | Found a shadowy altar of Dithmenos.
  4779 | D:8      | Found a glowing golden altar of the Shining One.
  4870 | D:8      | Found Juiss's Assorted Antiques.
  4885 | D:8      | Reached skill level 12 in Axes
  4893 | D:8      | Reached XP level 10. HP: 82/84 MP: 11/11
  4916 | D:8      | Bought a scroll labeled UNILLYDUFA for 30 gold pieces
  4916 | D:8      | Bought a scroll labeled ITUALUC AVIAPS for 30 gold pieces
  4916 | D:8      | Bought a lumpy orange potion for 27 gold pieces
  5309 | D:8      | Found a burning altar of Makhleb.
  5310 | D:8      | Found a shimmering altar of Xom.
  5365 | D:9      | Found a snail-covered altar of Cheibriados.
  5397 | D:9      | Noticed a two-headed ogre
  5418 | D:9      | Killed a two-headed ogre
  5418 | D:9      | Reached skill level 10 in Armour
  5898 | D:10     | Entered Level 10 of the Dungeon
  5899 | D:10     | Noticed Josephine
  5906 | D:10     | Killed Josephine
  5931 | D:10     | Noticed Erolcha
  5963 | D:10     | Killed Erolcha
  5963 | D:10     | Reached skill level 13 in Axes
  6049 | D:10     | Received a gift from Trog
  6167 | D:10     | Reached XP level 11. HP: 95/95 MP: 13/13
  6355 | D:10     | Found a staircase to the Orcish Mines.
  6447 | D:10     | Noticed a purple ugly thing
  6463 | D:10     | Killed a purple ugly thing
  6622 | Orc:1    | Entered Level 1 of the Orcish Mines
  6691 | Orc:1    | Received a gift from Trog
  6700 | Orc:1    | Got a shimmering executioner's axe {god gift}
  6701 | Orc:1    | Identified the +8 executioner's axe of the Puffin {chop,
                  | Str+2 Int+6} (Trog gifted it to you on level 1 of the
                  | Orcish Mines)
  6885 | Orc:1    | Noticed an ettin
  6886 | Orc:1    | Found a roughly hewn altar of Beogh.
  6892 | Orc:1    | Mangled by an ettin

Levels and vault maps discovered:
D:1:      dpeg_arrival_solitude, layout_basic, solitary_fountain, st_stairs_11
D:2:      layout_basic, grunt_temple_overflow_cloverleaf, minmay_domino_2,
          uniq_jessica
D:3:      minmay_spotlight, layout_basic
D:4:      cheibrodos_old_hovel, layout_loops_ring
D:5:      lemuel_upstairs_altar, layout_layer_cave,
          minmay_temple_entry_large_hall, first_ration,
          kennysheep_generic_room_7, uniq_pikel
D:6:      layout_basic, lemuel_coloured_pillars_altar, portal_sewer_entry_a,
          bloody_trog
D:7:      layout_cave_pools
D:8:      layout_basic, grunt_temple_overflow_champion_of_chaos, minitemple,
          serial_shops, nicolae_shop_waterfront
D:9:      layout_roguey, overflow_temple_1_default, solitary_fountain
D:10:     layout_roguey, hiddenorc2_lemuel, uniq_josephine, uniq_erolcha
Orc:1:    layout_caves, basic_altar, nicolae_orc_pool_cavern

Skill      XL: |  1  2  3  4  5  6  7  8  9 10 11 |
---------------+----------------------------------+-----
Axes           | 4 5 7 8 9 10 12 13 | 13.6
Fighting       | 4 6 8 9 |  9.2
Armour         | 3 4 5 7 9 11 | 11.5
Throwing       | 1 2 3 4 |  4.0
Evocations     | 2 4 |  4.5
Dodging        | |  2.3

Action                   |  1- 3 |  4- 6 |  7- 9 | 10-12 || total
-------------------------+-------+-------+-------+-------++-------
Melee: Hand axe          |    64 |   122 |   300 |       ||   486
       Headbutt          |    13 |    24 |    83 |    32 ||   152
       Battleaxe         |       |       |    42 |   159 ||   201
       Executioner's axe |       |       |       |    22 ||    22
Throw: Dart              |       |       |     6 |     2 ||     8
Invok: Berserk           |       |     4 |     8 |     6 ||    18
       Trog's Hand       |       |       |     3 |     1 ||     4
  Use: Scroll            |       |       |     9 |     7 ||    16
 Stab: Sleeping          |       |     1 |       |       ||     1
  Eat: Chunk             |     1 |     7 |    23 |    11 ||    42
       Ration            |       |       |       |     1 ||     1
Armor: Animal skin       |    11 |    18 |       |       ||    29
       Chain mail        |       |    14 |   164 |    94 ||   272
Dodge: Dodged            |    48 |    69 |   139 |    77 ||   333

Table legend:
 A = Non-vault XP
 B = Vault XP
 C = Vault XP percentage of total XP
 D = Non-vault monster count
 E = Vault monster count
 F = Vault count percentage of total count
                 A         B        C        D         E       F
            +---------+---------+-------+---------+---------+-------
      Total |   10082 |    4174 |  29.3 |     206 |     100 |  32.7
            +---------+---------+-------+---------+---------+-------
        D:1 |      18 |       4 |  18.2 |       9 |       3 |  25.0
        D:2 |      73 |      42 |  36.5 |      22 |       3 |  12.0
        D:3 |      66 |       3 |   4.3 |      20 |       2 |   9.1
        D:4 |     471 |       2 |   0.4 |      12 |       1 |   7.7
        D:5 |    1070 |     713 |  40.0 |      23 |       3 |  11.5
        D:6 |     226 |      18 |   7.4 |      10 |       4 |  28.6
        D:7 |    1466 |       0 |   0.0 |      26 |       0 |   0.0
        D:8 |    1421 |      48 |   3.3 |      27 |       1 |   3.6
        D:9 |    1355 |       0 |   0.0 |      11 |       0 |   0.0
       D:10 |    2467 |    3003 |  54.9 |      23 |      37 |  61.7
      Orc:1 |    1449 |       0 |   0.0 |      23 |       0 |   0.0
      Sewer |       0 |     341 | 100.0 |       0 |      46 | 100.0
            +---------+---------+-------+---------+---------+-------
